details: 'azz'

« prev index next »

General information

Mini Map

Players

team 1
HumanIGuessICan (red | 57 APM | 578 actions | 10:10)
Hero icon 1 Paladin
Ability icon 1 Holy Light

» actions
Assign group hotkey15
Basic commands39
Build / train32
Enter build submenu12
Enter hero's abilities submenu1
Right click114
Select / deselect133
Select group hotkey203
Use ability29
578 total
» units
Peasant10
Rifleman14
24 total
» upgrades
Long Rifles1
Gunpowder1
2 total
» buildings
Farm7
Altar of Kings1
Barracks1
Blacksmith1
Scout Tower2
Keep1
Arcane Tower2
15 total
» build order
00:37 Farm
01:06 Altar of Kings
01:13 Farm
01:24 Barracks
01:36 Blacksmith
02:32 Farm
03:09 Farm
03:25 Scout Tower
03:33 Keep
03:46 Scout Tower
04:08 Arcane Tower
04:29 Arcane Tower
05:59 Farm
06:33 Farm
07:35 Farm
team 2
Undeadindust (blue | 203 APM | 2075 actions | 10:13)
Hero icon 3 Death Knight
Ability icon 2 Death Coil
Ability icon 1 Unholy Aura
Hero icon 1 Lich
Ability icon 1 Frost Nova

» actions
Assign group hotkey23
Basic commands120
Build / train27
Enter build submenu10
Enter hero's abilities submenu4
Right click1043
Select / deselect355
Select group hotkey433
Use ability60
2075 total
» units
Acolyte3
Ghoul2
Crypt Fiend7
Obsidian Statue2
14 total
» upgrades
Burrow1
Creature Attack1
2 total
» buildings
Graveyard1
Crypt1
Altar of Darkness1
Ziggurat4
Tomb of Relics1
Nerubian Tower1
Halls of the Dead1
Slaughterhouse1
Black Citadel1
12 total
» build order
00:06 Graveyard
00:12 Crypt
00:45 Altar of Darkness
01:03 Ziggurat
01:15 Tomb of Relics
02:06 Nerubian Tower
02:22 Ziggurat
03:48 Halls of the Dead
04:21 Ziggurat
05:56 Ziggurat
06:39 Slaughterhouse
07:32 Black Citadel
» items
Rod of Necromancy2
2 total